AoeStats
← K

Arena

509619601Analyzed
4v4 RM · 6d ago on Sep 27, 2026· 37m 33s· 8 players
Game mode
Random Map
Map size
Large (8 player)
Population
200
Speed
Normal
Resources
Standard
Victory
Conquest
Starting age
Dark Age
Ending age
Imperial Age
RankedLock teamsTeams togetherTeam positionsShared explorationLock speedFull tech treeHidden civsTurbo modeCheats
Victory
Defeat
1303
+13
🇨🇳 Bohemians · China
1297
+13
🇨🇳 Franks · China
1267
+14
🇦🇷 Khmer · Argentina
1251
+15
🇨🇳 Celts · China
1305
-16
🇨🇳 Slavs · China
1213
-13
🇬🇧 Dravidians · United Kingdom
1203
-13
🇨🇳 Franks · China
1203
-13
[Tps] RamsasII
0:53 Loom
10:56 Feudal Age
9:45 Loom
11:55 Double-Bit Axe
11:51 Horse Collar
13:09 Wheelbarrow
17:29 Castle Age
15:14 Loom
17:08 Gold Mining
18:56 Bow Saw
19:47 Heavy Plow
20:24 Gold Shaft Mining
21:22 Hand Cart
23:14 Scale Barding Armor
23:55 Forging
23:57 Bloodlines
26:30 Stone Mining
29:44 Imperial Age
27:03 Town Watch
28:13 Chain Barding Armor
28:30 Iron Casting
29:48 Stone Shaft Mining
31:17 Crop Rotation
32:42 Chemistry
32:06 Ballistics
32:32 Heavy Scorpion
35:20 Siege Engineers
35:12 Murder Holes
36:08 Double Crossbow
36:30 Conscription
36:46 Hoardings
精锐磁暴步兵
9:16 Feudal Age
14:53 Castle Age
13:14 Horse Collar
13:20 Double-Bit Axe
16:08 Scale Barding Armor
18:33 Loom
20:49 Fervor
21:40 Bow Saw
21:36 Heavy Plow
23:46 Wheelbarrow
23:59 Town Watch
24:20 Gold Mining
25:16 Chain Barding Armor
26:57 Hand Cart
29:28 Imperial Age
27:42 Chain Barding Armor
28:09 Forging
28:00 Husbandry
28:28 Bloodlines
29:07 Gold Shaft Mining
30:19 Iron Casting
29:08 Light Cavalry
29:53 Stone Mining
31:15 Chemistry
29:40 Heavy Camel Rider
31:35 Two-Man Saw
32:05 Plate Barding Armor
32:31 Blast Furnace
32:16 Imperial Camel Rider
34:23 Block Printing
34:45 Theocracy
34:35 Illumination
35:39 Sanctity
36:07 Padded Archer Armor
36:31 Ballistics
35:51 Hussar
37:07 Grand Trunk Road
37:27 Conscription
37:08 Shatagni
38:19 Leather Archer Armor
38:12 Siege Engineers
38:17 Masonry
有个小草
10:07 Feudal Age
13:48 Castle Age
11:55 Double-Bit Axe
23:09 Wheelbarrow
22:20 Loom
27:40 Imperial Age
25:26 Hand Cart
25:20 Treadmill Crane
26:03 Gold Mining
26:04 Stone Mining
26:19 Scale Mail Armor
26:30 Forging
26:10 Fletching
26:59 Bow Saw
28:02 Gold Shaft Mining
29:22 Chain Mail Armor
29:42 Iron Casting
29:04 Bodkin Arrow
30:30 Chemistry
29:50 Ballistics
29:37 Siege Engineers
32:31 Caravan
33:31 Conscription
33:28 Padded Archer Armor
34:00 Plate Mail Armor
34:31 Blast Furnace
33:38 Scale Barding Armor
33:30 Elite Skirmisher
33:53 Onager
1722767622
10:46 Feudal Age
11:11 Loom
11:58 Double-Bit Axe
14:50 Castle Age
12:50 Horse Collar
16:07 Heavy Plow
18:54 Fletching
20:43 Fervor
21:41 Wheelbarrow
24:13 Town Watch
27:09 Bow Saw
31:35 Imperial Age
29:26 Hand Cart
31:48 Chemistry
33:49 Scale Mail Armor
33:55 Padded Archer Armor
36:13 Ballistics
36:00 Siege Engineers
36:16 Scale Mail Armor
36:27 Forging
35:39 Pikeman
37:39 Town Patrol
37:16 Houfnice
73624617386501790
10:52 Feudal Age
11:41 Double-Bit Axe
14:48 Castle Age
13:14 Horse Collar
伐伐伐伐伐木工
10:33 Feudal Age
12:05 Loom
14:36 Castle Age
13:33 Double-Bit Axe
19:59 Gold Mining
546308830
10:14 Feudal Age
14:45 Castle Age
12:57 Double-Bit Axe
K
9:25 Feudal Age
14:52 Castle Age
14:33 Double-Bit Axe
18:56 Bow Saw
19:39 Gold Mining
20:28 Wheelbarrow
19:42 Loom
19:44 Horse Collar
22:07 Stone Mining
24:01 Padded Archer Armor
24:20 Heavy Plow
24:38 Hand Cart
24:09 Town Watch
25:54 Fletching
26:19 Leather Archer Armor
28:39 Imperial Age
26:45 Bodkin Arrow
26:15 Pikeman
26:56 Squires
26:41 Gambesons
27:22 Ballistics
27:26 Thumb Ring
29:06 Elite Elephant Archer
31:02 Chemistry
30:26 Bracer
31:56 Two-Man Saw
31:50 Halberdier
32:21 Siege Elephant
33:41 Forging
33:36 Scale Barding Armor
37:27 Iron Casting
37:12 Chain Barding Armor
37:55 Wootz Steel
Connection lost

Rejoining the realm…

Still unreachable

The connection could not be restored.

Session expired

The server has moved on; the page needs a fresh start.